 Dungeon Crawl Stone Soup version 0.22.0-38-g04b72b8 (webtiles) character file.

68 corax the Conjurer (level 4, -6/32 HPs)
             Began as a Mummy Conjurer on Aug 31, 2018.
             Mangled by Grinder (10 damage)
             ... while paralysed by Grinder
             ... on level 3 of the Dungeon.
             The game lasted 00:05:42 (2506 turns).

corax the Conjurer (Mummy Conjurer)                 Turns: 2506, Time: 00:05:42

Health: -6/32      AC:  3    Str: 11    XL:     4   Next: 1%
Magic:  0/9        EV:  2    Int: 15    God:
Gold:   134        SH:  0    Dex: 12    Spells: 6/9 levels left

rFire    . . .     SeeInvis .   b - +2 short sword (drain)
rCold    + + .     Gourm    .   (no shield)
rNeg     + + +     Faith    .   a - +0 robe
rPois    ∞         Spirit   .   g - +0 helmet
rElec    .         Reflect  .   h - scarf {rC+ rF+}
rCorr    .         Harm     .   (no gloves)
MR       .....                  (no boots)
Stlth    ++........             (no amulet)
HPRegen  0.10/turn              (no ring)
MPRegen  0.11/turn              (no ring)

@: paralysed
A: no food or potions, fire vulnerability, cold resistance 1, negative energy
resistance 3, torment resistance, unbreathing
a: no special abilities


You were on level 3 of the Dungeon.
You were not hungry.

You visited 1 branch of the dungeon, and saw 3 of its levels.

You collected 134 gold pieces.

Inventory:

Hand Weapons
 b - a +2 short sword of draining (weapon)
Armour
 a - a +0 robe (worn)
 g - a +0 helmet (worn)
 h - a scarf of resistance (worn)
Scrolls
 c - 3 scrolls of identify {unknown}
 d - 3 scrolls of remove curse {unknown}
 e - 3 scrolls of teleportation {unknown}
 f - a scroll of enchant armour {unknown}


   Skills:
 + Level 1.1 Fighting
 + Level 0.9 Short Blades
 + Level 2.2 Dodging
 - Level 1.5 Stealth
 + Level 3.4 Spellcasting
 + Level 3.6 Conjurations


You had 6 spell levels left.
You knew the following spells:

 Your Spells              Type           Power        Failure   Level  Hunger
a - Magic Dart            Conj           ##..         4%          1    N/A
b - Searing Ray           Conj           ##....       6%          2    N/A

Your spell library contained the following spells:

 Spells                   Type           Power        Failure   Level  Hunger
 Dazzling Spray           Conj/Hex       #.....       26%         3    N/A
 Iskenderun's Mystic Bla  Conj           ##......     38%         4    N/A
 Force Lance              Conj/Tloc      #.......     65%         4    N/A
 Fulminant Prism          Conj/Hex       #.........   65%         4    N/A

Dungeon Overview and Level Annotations

Branches:
Dungeon (3/15)

Altars:

Annotations:
D:3 Grinder, Jessica


Innate Abilities, Weirdness & Mutations

You do not eat or drink.
Your flesh is vulnerable to fire.
You are immune to poison.
Your flesh is cold resistant. (rC+)
You are immune to negative energy. (rN+++)
You are immune to unholy pain and torment.
You can survive without breathing.


Message History

* * * LOW HITPOINT WARNING * * *
You closely miss Grinder.
Grinder is almost dead.
Grinder barely misses you.
Casting: Magic Dart (safe; 4% risk of failure)
Confirm with . or Enter, or press ? or * to list all spells.
Aiming: Magic Dart (safe; 4% risk of failure)
Press: ? - help, Shift-Dir - straight line, f/p - Grinder
Aim: Grinder (almost dead)
The magic dart hits Grinder.
Grinder is almost dead.
Grinder barely misses you.
You hit Grinder but do no damage.
Grinder is almost dead.
Grinder gestures at you.
You suddenly lose the ability to move!
Grinder hits you.
* * * LOW HITPOINT WARNING * * *
Grinder blinks!
Grinder hits you!
You die...

#.............#.#
#.###########.#.#
#.# #.#)# #.####
#.#.# #....#
#...# ####.#
#####
###.#######.####
..?............#
##.###@######.#
.......5.........
###.###...####.
#.# ..#.# # ###.#
.. #. .#


You could see Grinder.

Vanquished Creatures
  An adder (D:2)
  2 oozes
  A worm (D:2)
  2 dart slugs
  4 leopard geckos (D:2)
  An orc (D:3)
  2 ball pythons (D:1)
  2 giant cockroaches (D:1)
  2 hobgoblins (D:2)
  5 bats
  3 frilled lizards
  4 goblins
  5 kobolds
  9 rats
43 creatures vanquished.

Notes
Turn   | Place    | Note
-------+----------+-------------------------------------------
     0 | D:1      | corax the Mummy Conjurer began the quest for the Orb.
     0 | D:1      | Reached XP level 1. HP: 13/13 MP: 4/4
   188 | D:1      | Reached XP level 2. HP: 13/19 MP: 0/6
  1246 | D:2      | Reached XP level 3. HP: 25/25 MP: 5/7
  1864 | D:2      | Reached skill level 1 in Fighting
  2239 | D:2      | Learned a level 2 spell: Searing Ray
  2331 | D:3      | Noticed Jessica
  2432 | D:3      | Reached XP level 4. HP: 32/32 MP: 7/9
  2481 | D:3      | Noticed Grinder
  2482 | D:3      | Paralysed by Grinder for 3 turns
  2501 | D:3      | Paralysed by Grinder for 6 turns
  2506 | D:3      | Mangled by Grinder

Skill      XL: |  1  2  3 |
---------------+----------+-----
Spellcasting   | 3 |  3.4
Dodging        | 2 |  2.2
Fighting       | 1 |  1.1
Short Blades   | |  0.9
Stealth        | |  1.5
Conjurations   | |  3.6

Action                   |  1- 3 |  4- 6 || total
-------------------------+-------+-------++-------
Melee: Unarmed           |    11 |       ||    11
       Short sword       |    18 |     9 ||    27
 Cast: Magic Dart        |    83 |     3 ||    86
       Searing Ray       |       |     3 ||     3
 Stab: Sleeping          |     1 |       ||     1
Armor: Robe              |     5 |     1 ||     6
Dodge: Dodged            |    23 |     5 ||    28
